 Dungeon Crawl Stone Soup version 0.30.1-11-g7821555f0a (webtiles) character file.

Game seed: 8601217310460391886

19894 pkoi the Draconian Cataclysm (level 12, 0/97 HPs)
             Began as a Green Draconian Monk on Nov 3, 2023.
             Was a High Priest of Qazlal.
             Slain by a cyan ugly thing (13 damage)
             ... on level 11 of the Dungeon.
             The game lasted 00:22:20 (9998 turns).

pkoi the Draconian Cataclysm (Green Draconian Monk) Turns: 9998, Time: 00:22:21

Health: 0/97       AC: 13    Str: 14    XL:     12   Next: 40%
Magic:  23/23      EV: 14    Int: 19    God:    Qazlal [*****.]
Gold:   876        SH:  6    Dex: 13    Spells: 6/14 levels left

rFire   + . .        E - +8 lance "Wyrmbane" {slay drac, rPois rF+ rC+ AC+3}
rCold   + + .        b - orb {light}
rNeg    . . .        (body armour unavailable)
rPois   +            r - +1 hat {Int+3}
rElec   .            h - +0 cloak
rCorr   +            (no gloves)
SInv    .            (no boots)
Will    .....        o - amulet of regeneration
Stlth   +            e - ring of resist corrosion
HPRegen 1.16/turn    G - ring of protection from cold
MPRegen 0.18/turn

%: repel missiles
@: short of breath, glowing, studying Invocations
A: breathe noxious fumes, AC +8, unfitting armour, poison resistance,
cold-blooded
a: Breathe Noxious Fumes, Renounce Religion, Upheaval, Elemental Force, Disaster
Area


You were on level 11 of the Dungeon.
You worshipped Qazlal.
Qazlal was extremely pleased with you.
You visited 2 branches of the dungeon, and saw 12 of its levels.
You also visited: Sewer and Bailey.

You collected 898 gold pieces.
You spent 22 gold pieces at shops.

Inventory:

Hand Weapons
 c - a +0 short sword of freezing
 g - a +0 rapier
 j - a +4 dagger of venom
 E - the +8 lance "Wyrmbane" (weapon) {slay drac, rPois rF+ rC+ AC+3}
   (You found it on level 7 of the Dungeon)

   AC:        It affects your AC (+3).
   rF:        It protects you from fire.
   rC:        It protects you from cold.
   rPois:     It protects you from poison.
Missiles
 d - 25 poisoned darts (quivered)
Armour
 b - an orb of light (worn)
 h - a +0 cloak (worn)
 r - a +1 hat of intelligence (worn)
Jewellery
 e - a ring of resist corrosion (left hand)
 o - an amulet of regeneration (around neck)
 F - a ring of wizardry
 G - a ring of protection from cold (right hand)
Wands
 i - a wand of digging (7)
 n - a wand of flame (10)
 H - a wand of polymorph (6)
 I - a wand of light (8)
Scrolls
 u - 2 scrolls of brand weapon
 v - a scroll of butterflies
 w - 5 scrolls of teleportation
 x - a scroll of immolation
 y - 2 scrolls of fog
 z - a scroll of fear
 B - 2 scrolls of blinking
 C - 2 scrolls of poison {unknown}
 D - 8 scrolls of magic mapping
 J - 3 scrolls of vulnerability {unknown}
Potions
 a - a potion of ambrosia
 f - 2 potions of magic
 k - 4 potions of brilliance
 l - 4 potions of haste {unknown}
 m - 4 potions of heal wounds
 p - 3 potions of invisibility
 q - 2 potions of might
 s - 3 potions of curing
 t - 2 potions of flight
 A - 2 potions of resistance
 K - a potion of cancellation {unknown}


   Skills:
 + Level 6.6 Fighting
 - Level 12.0 Polearms
 + Level 6.4 Dodging
 - Level 3.0 Stealth
 - Level 8.2 Unarmed Combat
 + Level 1.7 Spellcasting
 + Level 0.2 Translocations
 + Level 1.9 Ice Magic
 + Level 1.8 Air Magic
 + Level 15.8 Invocations


You had 6 spell levels left.
You knew the following spells:

 Your Spells              Type           Power      Damage    Failure   Level
a - Ozocubu's Armour      Ice            9%         N/A       24%         3
b - Swiftness             Air            8%         N/A       24%         3
c - Blink                 Tloc           4%         N/A       24%         2

Your spell library contained the following spells:

 Spells                   Type           Power      Damage    Failure   Level
 Shock                    Conj/Air       20%        1d4       12%         1
 Lesser Beckoning         Tloc           4%         N/A       24%         2
 Momentum Strike          Conj/Tloc      4%         3d8       26%         2
 Airstrike                Air            4%         2d(1-17)  63%         4
 Summon Ice Beast         Ice/Summ       5%         N/A       75%         4
 Animate Dead             Necr           1%         N/A       86%         4
 Dispel Undead            Necr           1%         3d6       86%         4
 Agony                    Necr           1%         N/A       99%         5
 Summon Mana Viper        Hex/Summ       1%         N/A       99%         5
 Haunt                    Necr/Summ      0%         N/A       100%        7
 Monstrous Menagerie      Summ           0%         N/A       100%        7
 Ozocubu's Refrigeration  Ice            4%         4d8       100%        7
 Infestation              Necr           0%         N/A       100%        8
 Fire Storm               Conj/Fire      0%         6d1       100%        9


Dungeon Overview and Level Annotations

Branches:
Dungeon (11/15)            Temple (1/1) D:5            Lair (0/5) D:10
    Orc (0/2) D:10          Sewer (visited)          Bailey (visited)

Altars:
Ashenzari
Cheibriados
Dithmenos
Elyvilon
Fedhas
Gozag
Hepliaklqana
Kikubaaqudgha
Makhleb
Nemelex Xobeh
Okawaru
Qazlal
Ru
Sif Muna
Trog
Uskayaw
Vehumet
Wu Jian
Xom
Yredelemnul
Zin
The Shining One

Shops:
D:1 =   D:8 *


Innate Abilities, Weirdness & Mutations

You can breathe blasts of noxious fumes.
Your lurid green scales are hard. (AC +8)
You cannot fit into any form of body armour.
Your system is resistant to poisons. (rPois)
You are cold-blooded and may be slowed by cold attacks.


Message History

You puncture the cyan ugly thing!
The cyan ugly thing is severely wounded.
The cyan ugly thing bites you. The cyan ugly thing shocks you!
You hit the cyan ugly thing. You tail-slap the cyan ugly thing.
The cyan ugly thing is severely wounded.
You barely miss the cyan ugly thing.
The cyan ugly thing is severely wounded.
The cyan ugly thing misses you.
You puncture the cyan ugly thing!
You tail-slap the cyan ugly thing, but do no damage.
The cyan ugly thing is almost dead.
You completely miss the cyan ugly thing.
You tail-slap the cyan ugly thing.
The cyan ugly thing is almost dead.
The cyan ugly thing bites you. The cyan ugly thing shocks you!
You barely miss the cyan ugly thing.
Your tail-slap misses the cyan ugly thing.
The cyan ugly thing is almost dead.
Unknown command.
You barely miss the cyan ugly thing.
You tail-slap the cyan ugly thing, but do no damage.
The cyan ugly thing is almost dead.
The cyan ugly thing bites you!
* * * LOW HITPOINT WARNING * * *
The cyan ugly thing shocks you!
* * * LOW HITPOINT WARNING * * *
Unknown command.
Aiming: Breathe Noxious Fumes (2% risk of failure)
Press: ? - help, Shift-Dir - straight line, f/p - cyan ugly thing
Aim: a cyan ugly thing (almost dead, haloed, 78% to hit)
You exhale a blast of noxious fumes.
The blast of choking fumes hits the cyan ugly thing.
The cyan ugly thing is almost dead.
The blast of choking fumes hits the vampire mosquito.
The vampire mosquito completely resists.
The cyan ugly thing is engulfed in noxious fumes.
The cyan ugly thing bites you.
* * * LOW HITPOINT WARNING * * *
The cyan ugly thing shocks you!
You die...

##### . ....#
##... ....#
#####...... ...(#
###.@uy○# ....#
######...#####
....####.."...###
....##...######
....'.<###
....#### ....#
#####


You could see a cyan ugly thing and a vampire mosquito.

Vanquished Creatures
  Gastronok (D:8)
  A two-headed ogre (D:8)
  Pikel (D:8)
  A cyclops (D:8)
  Joseph (D:8)
  Maggie (D:7)
  A rime drake (D:10)
  An unseen horror (D:7)
  A kobold demonologist (D:10)
  A hornet (D:7)
  A wraith (D:10)
  3 wyverns (D:9)
  9 yaks
  3 shadows
  Eustachio (D:5)
  3 vampire mosquitoes
  5 steam dragons
  A black bear (D:6)
  5 ice beasts (D:10)
  7 orc warriors
  3 wolves (D:10)
  2 ogres
  3 phantoms
  3 centaurs
  A lemure (D:8)
  2 kobold brigands
  5 bullfrogs
  3 scorpions
  9 wights
  14 killer bees
  3 howler monkeys
  2 jellies (D:4)
  3 hounds
  10 orc priests
  Ijyb (D:3)
  2 sleepcaps
  4 iguanas
  14 orc wizards
  Robin (D:3)
  16 gnolls
  7 adders
  2 river rats (Sewer)
  A shadow imp (D:8)
  A white imp (D:7)
  2 ufetubi
  2 worms
  3 dart slugs
  46 orcs
  4 bats
  9 endoplasms
  3 giant cockroaches (D:5)
  10 goblins
  10 hobgoblins
  6 jackals
  A quokka (D:3)
  6 ball pythons
  A frilled lizard (D:3)
  15 kobolds
  9 rats
287 creatures vanquished.

Notes
Turn   | Place    | Note
-------+----------+-------------------------------------------
     0 | D:1      | pkoi the Draconian Monk began the quest for the Orb.
     0 | D:1      | Reached XP level 1. HP: 19/19 MP: 1/1
    25 | D:1      | Got the Collected Works on Undead Destruction
   321 | D:1      | Reached XP level 2. HP: 26/26 MP: 2/2
   745 | D:1      | Found Rosmoijo's Jewellery Boutique.
  1329 | D:2      | Reached XP level 3. HP: 29/31 MP: 3/3
  1876 | D:3      | Noticed Ijyb
  1888 | D:3      | Killed Ijyb
  1889 | D:3      | Reached skill level 1 in Stealth
  1889 | D:3      | Reached XP level 4. HP: 18/39 MP: 4/4
  2194 | D:3      | Noticed Robin
  2210 | D:3      | Killed Robin
  2225 | D:3      | Reached XP level 5. HP: 38/46 MP: 5/5
  2812 | D:4      | Reached skill level 5 in Unarmed Combat
  2812 | D:4      | Reached XP level 6. HP: 35/53 MP: 6/6
  3627 | D:5      | Entered Level 5 of the Dungeon
  3638 | D:5      | Reached skill level 5 in Fighting
  3638 | D:5      | Your scales start taking on a lurid green colour.
  3638 | D:5      | Reached XP level 7. HP: 61/61 MP: 7/7
  3638 | D:5      | Gained mutation: Your system is resistant to poisons.
                  | (rPois) [Green Draconian growth]
  3676 | D:5      | Found a staircase to the Ecumenical Temple.
  3685 | Temple   | Entered the Ecumenical Temple
  4156 | Temple   | Became a worshipper of Qazlal Stormbringer
  4156 | Temple   | Reached * piety under Qazlal
  4156 | Temple   | Reached ** piety under Qazlal
  4211 | D:5      | Found a glowing drain.
  4224 | Sewer    | Entered a sewer
  4348 | Sewer    | Found a white marble altar of Elyvilon.
  4456 | D:5      | Reached skill level 1 in Invocations
  4475 | D:5      | Noticed Eustachio
  4503 | D:5      | Killed Eustachio
  4622 | D:5      | Reached skill level 2 in Invocations
  4794 | D:5      | Found a glowing golden altar of the Shining One.
  4794 | D:5      | Found a snail-covered altar of Cheibriados.
  4900 | D:5      | Reached XP level 8. HP: 70/70 MP: 9/9
  5172 | D:6      | Reached skill level 5 in Dodging
  5172 | D:6      | Reached skill level 3 in Invocations
  5448 | D:6      | Reached skill level 4 in Invocations
  5453 | D:6      | Identified the +5 robe of Xuirch {Rampage Str+4 Dex-5}
  5661 | D:6      | Reached skill level 5 in Invocations
  5669 | D:6      | Reached *** piety under Qazlal
  5707 | D:6      | Identified a scroll of acquirement
  5708 | D:6      | Acquired a manual of Invocations
  5930 | D:6      | Reached XP level 9. HP: 75/75 MP: 11/13
  5991 | D:7      | Reached skill level 6 in Invocations
  6045 | D:7      | Reached skill level 7 in Invocations
  6062 | D:7      | Found a flagged portal.
  6074 | D:7      | Found the +8 lance "Wyrmbane" {slay drac, rPois rF+ rC+
                  | AC+3}
  6090 | Bailey   | Entered a bailey
  6388 | Bailey   | Reached skill level 8 in Invocations
  6405 | Bailey   | Reached skill level 1 in Polearms
  6742 | D:7      | Noticed an unseen horror
  6752 | D:7      | Killed an unseen horror
  6753 | D:7      | Reached skill level 9 in Invocations
  6762 | D:7      | Reached skill level 10 in Invocations
  6850 | D:7      | Noticed Maggie
  6859 | D:7      | Killed Maggie
  6860 | D:7      | Reached XP level 10. HP: 83/83 MP: 11/18
  7010 | D:7      | Reached skill level 11 in Invocations
  7274 | D:7      | Reached skill level 5 in Polearms
  7361 | D:8      | Noticed a two-headed ogre
  7366 | D:8      | Killed a two-headed ogre
  7367 | D:8      | Reached skill level 12 in Invocations
  7377 | D:8      | Noticed a cyclops
  7391 | D:8      | Killed a cyclops
  7533 | D:8      | Reached skill level 13 in Invocations
  7611 | D:8      | Noticed Joseph
  7626 | D:8      | Killed Joseph
  7657 | D:8      | Noticed Pikel
  7669 | D:8      | Killed Pikel
  7671 | D:8      | Reached skill level 14 in Invocations
  7683 | D:8      | Reached **** piety under Qazlal
  7692 | D:8      | Reached XP level 11. HP: 82/89 MP: 21/21
  7829 | D:8      | Found Qocaugay's CLEARANCE SALE!.
  7839 | D:8      | Bought a scroll of blinking for 22 gold pieces
  7891 | D:8      | Noticed Gastronok
  7947 | D:8      | Killed Gastronok
  7948 | D:8      | Reached XP level 12. HP: 48/96 MP: 21/23
  8375 | D:9      | Reached skill level 15 in Invocations
  8631 | D:9      | Learned a level 3 spell: Ozocubu's Armour
  8947 | D:9      | Learned a level 3 spell: Swiftness
  9404 | D:10     | Entered Level 10 of the Dungeon
  9416 | D:10     | Reached skill level 1 in Ice Magic
  9436 | D:10     | Reached skill level 1 in Spellcasting
  9452 | D:10     | Reached ***** piety under Qazlal
  9453 | D:10     | Reached skill level 1 in Air Magic
  9541 | D:10     | Found a staircase to the Orcish Mines.
  9669 | D:10     | Found a staircase to the Lair.
  9800 | D:10     | Learned a level 2 spell: Blink
  9998 | D:11     | Slain by a cyan ugly thing

Illustrated notes

Levels and vault maps discovered:
D:1:      dpeg_arrival_orchard, layout_basic, serial_shops,
          nicolae_shop_window_shopping, serial_bayou_crossing
D:2:      layout_basic, minmay_fractal_squares_gapless_5
D:3:      layout_basic, st_stairs_14, interstate_on_off, uniq_robin, uniq_ijyb
D:4:      minmay_chambers_of_twos, layout_loops_ring
D:5:      layout_gridville, gammafunk_temple_overflow_pools,
          minmay_temple_entry_drinking_statues, portal_sewer_entry_b, hex_large,
          uniq_eustachio
D:6:      layout_loops_ring
D:7:      kennysheep_big_flooded_room, layout_rooms, enter_bailey_2, uniq_maggie
D:8:      layout_basic, grunt_ministairs_10, nicolae_shop_clearance,
          uniq_gastronok, uniq_joseph, uniq_pikel
D:9:      layout_stronghold
D:10:     layout_layer_cave, hellmonk_lair_entry_icy
D:11:     layout_roguey, serial_shops, shop,
          nicolae_uskayaw_murder_on_the_dancefloor
Temple:   mainiacjoe_temple_cubbyholes

Skill      XL: |  1  2  3  4  5  6  7  8  9 10 11 12 |
---------------+-------------------------------------+-----
Unarmed Combat | 4 5 6 7 8 |  8.2
Dodging        | 3 4 6 |  6.4
Stealth        | 1 2 3 |  3.0
Fighting       | 4 5 6 |  6.6
Invocations    | 2 5 10 14 15 | 15.8
Polearms       | 4 11 12 | 12.0
Ice Magic      | 1 |  1.9
Spellcasting   | 1 |  1.7
Air Magic      | 1 |  1.8
Translocations | |  0.2

Action                     |  1- 3 |  4- 6 |  7- 9 | 10-12 || total
---------------------------+-------+-------+-------+-------++-------
  Melee: Unarmed           |    65 |       |    96 |       ||   161
         Tailslap          |    17 |    24 |    72 |    74 ||   187
         Dagger            |    31 |   135 |   195 |       ||   361
         Lance             |       |       |   106 |   358 ||   464
 Invoke: Upheaval          |       |       |     7 |       ||     7
Ability: Breathe Noxious F |       |       |     1 |     9 ||    10
    Use: Scroll            |     3 |     5 |     9 |     1 ||    18
         Potion            |       |     3 |     1 |     1 ||     5
   Stab: Confused          |       |       |       |     3 ||     3
 Armour: Skin              |    20 |    39 |   116 |    56 ||   231
  Dodge: Dodged            |    53 |    91 |   253 |   105 ||   502
         Repelled          |       |       |       |     1 ||     1
  Block: Orb               |       |       |    40 |    39 ||    79
